 Dungeon Crawl Stone Soup version 0.23.2-40-g277498a001 (webtiles) character file.

Game seed: 7447050620855524359

249 Felnil the Fighter (level 5, -11/53 HPs)
             Began as a Minotaur Fighter on Aug 15, 2019.
             Killed from afar by a starcursed mass (15 damage)
             ... with an accursed screaming
             ... on level 2 of the Abyss.
             The game lasted 00:06:49 (2440 turns).

Felnil the Fighter (Minotaur Fighter)               Turns: 2440, Time: 00:06:49

Health: -11/53     AC:  6    Str: 22    XL:     5   Next: 87%
Magic:  13/13      EV:  7    Int:  5    God:
Gold:   202        SH:  9    Dex:  9    Spells: 4/4 levels left

rFire    . . .     SeeInvis .   a - +0 war axe
rCold    . . .     Gourm    .   c - +0 shield
rNeg     . . .     Faith    .   b - +0 scale mail
rPois    .         Spirit   .   (helmet restricted)
rElec    .         Reflect  .   (no cloak)
rCorr    .         Harm     .   (no gloves)
MR       .....                  (no boots)
Stlth    ..........             (no amulet)
HPRegen  0.17/turn              t - ring of magical power
MPRegen  0.13/turn              u - ring of attention (curse)

@: silenced
A: retaliatory headbutt, horns 2
a: no special abilities


You were on level 2 of the Abyss.
You were not hungry.

You visited 1 branch of the dungeon, and saw 3 of its levels.
You visited the Abyss 1 time.

You collected 202 gold pieces.

Inventory:

Hand Weapons
 a - a +0 war axe (weapon)
Missiles
 p - 2 tomahawks (quivered)
 x - a throwing net
Armour
 b - a +0 scale mail (worn)
 c - a +0 shield (worn)
 w - a +0 plate armour
Jewellery
 t - a ring of magical power (left hand)
 u - a cursed ring of attention (right hand)
Scrolls
 h - 2 scrolls of identify {unknown}
 i - 2 scrolls of magic mapping {unknown}
 k - a scroll of enchant weapon {unknown}
 n - a scroll of immolation {unknown}
 o - 3 scrolls of teleportation {unknown}
 s - 2 scrolls of enchant armour {unknown}
 v - a scroll of torment {unknown}
Potions
 d - 3 potions of might
 e - 2 potions of invisibility {unknown}
 g - 4 potions of curing {unknown}
 j - a potion of haste {unknown}
 l - a potion of mutation {unknown}
 m - 2 potions of lignification {unknown}
 q - a potion of resistance {unknown}
 r - 2 potions of heal wounds {unknown}
Comestibles
 f - 6 rations


   Skills:
 + Level 8.0 Fighting
 - Level 2.4 Axes
 - Level 3.6 Armour
 - Level 3.6 Shields


You had 4 spell levels left.
You didn't know any spells.
Your spell library was empty.

Dungeon Overview and Level Annotations

Branches:
Dungeon (3/15)

Altars:
Okawaru

Annotations:
D:3 Curus's ghost, amateur HOMo


Innate Abilities, Weirdness & Mutations

You reflexively headbutt those who attack you in melee.
You have a pair of horns on your head.


Message History

A starcursed mass splits. 2 starspawn tentacles come into view.
You block the thrashing horror's attack.
The thrashing horror completely misses you.
The thrashing horror tramples you but does no damage.
The thrashing horror tramples you.
You hold your ground!
A starcursed mass splits.
The thrashing horror tramples you!
You stumble backwards!
A starcursed mass splits.
The thrashing horror tramples you!
You stumble backwards!
A starcursed mass splits. x2
The thrashing horror barely misses you.
The thrashing horror tramples you but does no damage.
A cacophony of accursed wailing tears at your sanity!
* * * LOW HITPOINT WARNING * * *
The thrashing horror tramples you.
* * * LOW HITPOINT WARNING * * *
You hold your ground!
The thrashing horror barely misses you.
A cacophony of accursed wailing tears at your sanity!
You die...

....#...... .#.##..#
#.#.##.. .## #.#.....
.#.##─...#..###.XX.... .
#...<.#..w. #.#.XX## ..
#....─.. ..x..X#X..# .#
#....####...###..###.###
###...#.###.#.X#...... #
# #.##.....#XX# #.##
.#...W.....@##
.....#....#..#.##
#.X####.. #..#. ###.# #
.####.# ##w## #.. .. ./
# # ..# X# #.# # .#


You could see 8 starcursed masses, a thrashing horror and a silent spectre.

Vanquished Creatures
  A big kobold (D:3)
  7 adders (D:2)
  An ufetubus (Abyss:2)
  2 oozes
  3 worms
  A dart slug (D:1)
  A leopard gecko (D:1)
  6 orcs (D:3)
  10 bats
  5 giant cockroaches
  9 goblins
  11 hobgoblins
  11 jackals
  6 frilled lizards
  5 kobolds
  5 rats
84 creatures vanquished.

Vanquished Creatures (others)
  12 starspawn tentacles (Abyss:2)
12 creatures vanquished.

Grand Total: 96 creatures vanquished

Notes
Turn   | Place    | Note
-------+----------+-------------------------------------------
     0 | D:1      | Felnil the Minotaur Fighter began the quest for the Orb.
     0 | D:1      | Reached XP level 1. HP: 19/19 MP: 0/0
    51 | D:1      | Reached skill level 4 in Fighting
    95 | D:1      | Reached XP level 2. HP: 26/28 MP: 1/1
   395 | D:1      | Reached skill level 5 in Fighting
   432 | D:1      | Reached XP level 3. HP: 36/36 MP: 2/2
   922 | D:2      | Reached skill level 6 in Fighting
   922 | D:2      | Reached XP level 4. HP: 41/44 MP: 3/3
  1178 | D:2      | Reached skill level 7 in Fighting
  1178 | D:2      | Reached XP level 5. HP: 42/52 MP: 4/4
  1564 | D:3      | Found an iron altar of Okawaru.
  1745 | D:3      | Found a runed translucent gate.
  1745 | D:3      | Found a runed translucent gate.
  1745 | D:3      | Found a runed translucent gate.
  1746 | D:3      | Identified the +8 dagger of Pogh {chaos, rPois Int+2}
  1748 | D:3      | Noticed Curus's ghost (amateur HOMo)
  2158 | D:3      | Reached skill level 8 in Fighting
  2160 | D:3      | Cast into level 1 of the Abyss (big kobold)
  2264 | Abyss:1  | Noticed a small abomination
  2268 | Abyss:1  | Noticed an apocalypse crab
  2375 | Abyss:2  | Noticed a tentacled starspawn
  2426 | Abyss:2  | Noticed a silent spectre
  2427 | Abyss:2  | Noticed a thrashing horror
  2434 | Abyss:2  | Noticed a starcursed mass
  2440 | Abyss:2  | Killed from afar by a starcursed mass

Skill      XL: |  1  2  3  4  5 |
---------------+----------------+-----
Fighting       | 4 5 6 7 8 |  8.0
Axes           | |  2.4
Armour         | |  3.6
Shields        | |  3.6

Action                   |  1- 3 |  4- 6 || total
-------------------------+-------+-------++-------
Melee: War axe           |    67 |    89 ||   156
       Headbutt          |     7 |    15 ||    22
  Eat: Chunk             |       |     2 ||     2
       Ration            |       |     1 ||     1
Armor: Scale mail        |    30 |    44 ||    74
Dodge: Dodged            |    24 |    32 ||    56
Block: Shield            |    45 |    54 ||    99
